 Dungeon Crawl Stone Soup version 0.27-a0-419-g7a85846853 (webtiles) character file.

Game seed: 13939771582699151383

2 Chiseanne the Vexing (level 1, 0/13 HPs)
             Began as a Demonspawn Wanderer on Feb 26, 2021.
             Slain by a frilled lizard (3 damage)
             ... on level 1 of the Dungeon.
             The game lasted 00:00:37 (34 turns).

Chiseanne the Vexing (Demonspawn Wanderer)            Turns: 34, Time: 00:00:37

Health: 0/13       AC:  2    Str: 10    XL:     1   Next: 25%
Magic:  3/3        EV: 11    Int: 16    God:
Gold:   0          SH:  0    Dex: 11    Spells: 3/4 levels left

rFire    . . .     SeeInvis .   a - +0 dagger
rCold    . . .     Faith    .   (no shield)
rNeg     . . .     Spirit   .   d - +0 robe
rPois    .         Reflect  .   (no helmet)
rElec    .         Harm     .   (no cloak)
rCorr    .         Rampage  .   (no gloves)
Will     .....                  (no boots)
Stlth    +.........             (no amulet)
HPRegen  0.04/turn              (no ring)
MPRegen  0.08/turn              (no ring)

@: no status effects
A: no striking features
a: no special abilities


You were on level 1 of the Dungeon.
You visited 1 branch of the dungeon, and saw 1 of its levels.

Inventory:

Hand Weapons
 a - a +0 dagger (weapon)
Armour
 d - a +0 robe (worn)
Wands
 c - a wand of random effects (15)
Scrolls
 e - a scroll of teleportation {unknown}
Potions
 b - a potion of curing
 f - a potion of cancellation {unknown}


   Skills:
 * Level 0.1 Fighting
 * Level 0.1 Dodging
 - Level 1.0 Stealth
 * Level 2.0 Spellcasting
 - Level 1.0 Conjurations
 * Level 3.0 Hexes
 - Level 1.0 Ice Magic
 - Level 1.0 Air Magic
 - Level 1.0 Evocations


You had 3 spell levels left.
You knew the following spells:

 Your Spells              Type           Power        Failure   Level
a - Corona                Hex            12%          6%          1

Your spell library contained the following spells:

 Spells                   Type           Power        Failure   Level
 Ensorcelled Hibernation  Hex/Ice        16%          14%         2
 Confusing Touch          Hex            11%          19%         3
 Tukima's Dance           Hex            11%          19%         3
 Dazzling Flash           Conj/Hex       16%          26%         3


Dungeon Overview and Level Annotations

Branches:
Dungeon (1/15)

Altars:


Message History

You barely miss the goblin. The goblin hits you with a +0 dagger.
The frilled lizard closely misses you.
You hit the goblin.
The goblin is heavily wounded.
The goblin hits you but does no damage. The frilled lizard closely misses you.
You barely miss the goblin.
The goblin is heavily wounded.
The goblin hits you with a +0 dagger. The frilled lizard closely misses you.
You closely miss the goblin.
The goblin is heavily wounded.
The goblin hits you with a +0 dagger. The frilled lizard bites you.
You are too injured to fight recklessly!
You are too injured to fight recklessly!
You are too injured to fight recklessly!
You are too injured to fight recklessly!
You are too injured to fight recklessly!
You are too injured to fight recklessly!
You are too injured to fight recklessly!
You are too injured to fight recklessly!
You are too injured to fight recklessly!
The goblin hits you with a +0 dagger. The goblin hits you but does no damage.
You closely miss the goblin.
The goblin is heavily wounded.
The goblin barely misses you.
You hit the goblin but do no damage.
The goblin is heavily wounded.
The goblin hits you but does no damage.
You hit the goblin.
You kill the goblin!
You closely miss the rat. The rat bites you.
You barely miss the rat. The rat closely misses you.
You hit the rat but do no damage. The rat bites you.
* * * LOW HITPOINT WARNING * * *
You hit the rat.
You kill the rat!
You hit the frilled lizard.
The frilled lizard is heavily wounded.
The frilled lizard bites you.
You die...

#.##.###
#......#
#......#
#<...###
#......#
#......#
####.#.#
#......#
#.@....#
#l##.(##
#......#
#..r...#
####..##
....#
#..###
##.. ###


You could see a frilled lizard.

Vanquished Creatures
  A goblin (D:1)
  A rat (D:1)
2 creatures vanquished.

Notes
Turn   | Place    | Note
-------+----------+-------------------------------------------
     0 | D:1      | Chiseanne the Demonspawn Wanderer began the quest for the
                  | Orb.
     0 | D:1      | Chiseanne set off with the following items: a +0 dagger, a
                  | potion of curing, a wand of random effects (15), a +0 robe;
                  | and the following spell memorised: Corona; and the
                  | following spells available to memorise: Ensorcelled
                  | Hibernation, Confusing Touch, Tukima's Dance, Dazzling
                  | Flash
     0 | D:1      | Reached XP level 1. HP: 13/13 MP: 3/3
    34 | D:1      | Slain by a frilled lizard

Illustrated notes

Levels and vault maps discovered:
D:1:      dpeg_arrival_ternary, layout_basic, st_stairs_14

Action                   || total
-------------------------++-------
Melee: Dagger            ||    12
Armor: Robe              ||     2
Dodge: Dodged            ||     5

Table legend: (Time is in decaauts)
 A = Elapsed time spent in this place.
 B = Non-inter-level travel time spent in this place.
 C = Inter-level travel time spent in this place.
 D = Time resting spent in this place.
 E = Time spent auto-exploring this place.
 F = Levels seen in this place.
 G = Mean time per level.
                   A        B        C        D        E       F      G
               +--------+--------+--------+--------+--------+-----+--------+
         Total |     34 |     34 |      0 |      0 |     13 |   1 |   34.0 |
       Dungeon |     34 |     34 |      0 |      0 |     13 |   1 |   34.0 |
               +--------+--------+--------+--------+--------+-----+--------+

Top non-repeatable levels by time:
     D:1: 34 daAuts
